 Dungeon Crawl Stone Soup version 0.31-a0-818-ge7c7cf74f0 (webtiles) character file.

Game seed: 74169039733799809

6184 qw the Skirmisher (level 10, -1/69 HPs)
             Began as a Gargoyle Hunter on Sept 9, 2023.
             Was a Believer of Okawaru.
             Slain by a polar bear (19 damage)
             ... on level 8 of the Dungeon on Sept 23, 2023.
             The game lasted 00:03:25 (6766 turns).

qw the Skirmisher (Gargoyle Hunter)                 Turns: 6766, Time: 00:03:26

Health: -1/69      AC: 17    Str: 15    XL:     10   Next: 91%
Magic:  17/17      EV: 16    Int: 10    God:    Okawaru [**....]
Gold:   698        SH:  0    Dex: 17    Spells: 9/9 levels left

rFire   + . .        Y - +1 shortbow (flame)
rCold   . . .        (shield currently unavailable)
rNeg    + . .        c - +1 robe {rF+}
rPois   inf          (no helmet)
rElec   +            (no cloak)
rCorr   .            g - +2 pair of gloves
SInv    .            a - +2 pair of boots
Will    .....        (no amulet)
Stlth   +++          (no ring)
HPRegen 0.31/turn    (no ring)
MPRegen 0.15/turn

%: no passive effects
@: heroic
A: sickness immunity, AC +7, negative energy resistance 1, electricity
resistance, torment resistance 1, petrification resistance
a: Renounce Religion, Heroism


You were on level 8 of the Dungeon.
You worshipped Okawaru.
Okawaru was pleased with you.
You visited 2 branches of the dungeon, and saw 9 of its levels.
You also visited: Ossuary.

You collected 740 gold pieces.
You spent 42 gold pieces at shops.


Innate Abilities, Weirdness & Mutations

You are immune to sickness and miasma.
Your stone body is resilient. (AC +7)
You are immune to poison.
You resist negative energy. (rN+)
You are resistant to electric shocks. (rElec)
You are resistant to unholy torment.
You are immune to petrification.


   Skills:
 - Level 11.1(16.1) Fighting
 + Level 11.4(16.4) Ranged Weapons
 - Level 1.0(6.0) Armour
 - Level 3.0(8.0) Dodging
 - Level 1.1(6.1) Stealth
 - Level 9.8 Invocations


You had 9 spell levels left.
You didn't know any spells.
Your spell library was empty.

Inventory:

Hand Weapons
 Y - a +1 shortbow of flaming (weapon)
Armour
 a - a +2 pair of boots (worn)
 c - a +1 robe of fire resistance (worn)
 g - a +2 pair of gloves (worn)
 h - a +0 ring mail
Scrolls
 i - 3 scrolls of identify
Potions
 b - a potion of cancellation
 d - 3 potions of haste
 f - 2 potions of heal wounds
 j - 6 potions of curing
 l - 2 potions of enlightenment

Dungeon Overview and Level Annotations

Branches:
Dungeon (8/15)             Temple (1/1) D:5         Ossuary (visited)
   Lair: D:8-11

Altars:
Cheibriados
Dithmenos
Elyvilon
Fedhas
Gozag
Hepliaklqana
Kikubaaqudgha
Makhleb
Nemelex Xobeh
Okawaru
Qazlal
Ru
Sif Muna
Trog
Uskayaw
Vehumet
Wu Jian
Xom
Yredelemnul
Zin
The Shining One

Shops:
D:1 !   D:4 :


Message History

The arrow burns the polar bear.
The polar bear is heavily wounded.
You shoot an arrow.
The arrow hits the polar bear but does no damage.
The polar bear is heavily wounded.
The polar bear bites you.
The polar bear claws you but does no damage. x2
You shoot an arrow. The arrow hits the polar bear!
The arrow burns the polar bear.
The polar bear is severely wounded.
The wolf bites you but does no damage.
The polar bear goes berserk!
The wolf bites you but does no damage.
You shoot an arrow. The arrow hits the polar bear.
The arrow burns the polar bear.
The polar bear is severely wounded.
The polar bear bites you!! The polar bear completely misses you.
The polar bear misses you. The wolf bites you but does no damage.
6763 ||| DRINKING 4 potions of heal wounds.
You feel much better. The wolf bites you but does no damage.
The polar bear misses you.
The polar bear claws you but does no damage.
The polar bear barely misses you.
You shoot an arrow. The arrow hits the polar bear!
The arrow burns the polar bear.
The polar bear is almost dead.
The wolf bites you but does no damage. The polar bear bites you!!
The polar bear claws you but does no damage. x2
The wolf misses you.
6765 ||| DRINKING 3 potions of heal wounds.
You feel much better. The polar bear barely misses you.
The polar bear claws you but does no damage. x2
The wolf bites you but does no damage. The polar bear bites you!
The polar bear claws you.
The polar bear claws you but does no damage.
You shoot an arrow.
The arrow hits the polar bear but does no damage.
The polar bear is almost dead.
The wolf completely misses you. The polar bear bites you!!
You die...

..# .# ### hY .. ...
....##.## Y#.#...
..#..# . .. #.#.@#
..F~##'#hh#
#.....o#######.
#......'.......
#......#######.
#............#
#.......####.#
#....)..#..#.########
#.......##.#.........


You could see a polar bear (berserk), a wolf and an orc.

Vanquished Creatures
  Sigmund (D:4)
  A wraith (D:6)
  6 yaks (D:7)
  Eustachio (D:4)
  A water moccasin (D:5)
  4 ice beasts
  4 ogres
  A wolf (D:8)
  4 phantoms
  4 kobold brigands (D:7)
  3 scorpions
  2 bullfrogs
  A howler monkey (D:5)
  3 orc priests
  5 hounds
  4 jellies
  A sleepcap (D:6)
  5 iguanas
  5 orc wizards
  8 mummies (Ossuary)
  9 adders
  A shadow imp (D:6)
  An ufetubus (D:7)
  2 worms
  A dart slug (D:4)
  26 orcs
  5 ball pythons
  6 bats
  10 endoplasms
  3 giant cockroaches
  2 gnoll zombies (Ossuary)
  3 goblins
  8 hobgoblins
  25 kobolds
  2 quokkas
  5 frilled lizards
  3 hobgoblin zombies
  2 kobold zombies (Ossuary)
  2 orc zombies (Ossuary)
  5 rats
  A rat zombie (D:7)
186 creatures vanquished.

Notes
Turn   | Place    | Note
-------+----------+-------------------------------------------
     0 | D:1      | qw the Gargoyle Hunter began the quest for the Orb.
     0 | D:1      | Reached XP level 1. HP: 12/12 MP: 1/1
     0 | D:1      | 0 ||| qw: Version: 0.3-a-80-g4c0dc69
     0 | D:1      | 0 ||| qw: Game counter: 1352
     0 | D:1      | 0 ||| qw: Melee chars always use a shield: true
     0 | D:1      | 0 ||| qw: God list: Okawaru
     0 | D:1      | 0 ||| qw: Allow faded altars: false
     0 | D:1      | 0 ||| qw: Do Orc after clearing Dungeon:15 true
     0 | D:1      | 0 ||| qw: Do second Lair branch before Depths: true
     0 | D:1      | 0 ||| qw: Lair rune preference: random
     0 | D:1      | 0 ||| qw: Goals: Normal
     0 | D:1      | 0 ||| PLANNING D:1-11
   113 | D:1      | Reached XP level 2. HP: 17/17 MP: 2/2
   340 | D:1      | Found Fuecs's Distillery.
   348 | D:1      | 348 ||| SHOPLISTING 2 potions of resistance (280 gold, have
                  | 87).
   348 | D:1      | 348 ||| BUYING potion of curing (42 gold).
   348 | D:1      | Bought a potion of curing for 42 gold pieces
   348 | D:1      | 348 ||| SHOPLISTING potion of heal wounds (70 gold, have
                  | 45).
   348 | D:1      | 348 ||| SHOPLISTING potion of mutation (112 gold, have 45).
   482 | D:1      | 482 ||| READING scroll labelled RIRYR OTITTOKK.
   487 | D:1      | 487 ||| READING scroll labelled GUMUIN DOEPIKH.
   488 | D:1      | 488 ||| READING scroll labelled QEYCLAT FIEFOXOY.
   489 | D:1      | 489 ||| READING 2 scrolls labelled AXKATT ENEUNUO.
   490 | D:1      | 490 ||| READING scroll labelled ABUJUI HIAGH.
   491 | D:1      | 491 ||| DROPPING scroll of butterflies.
   492 | D:1      | 492 ||| DROPPING scroll of immolation.
   545 | D:2      | Reached XP level 3. HP: 21/21 MP: 3/3
   808 | D:2      | 808 ||| UPGRADING to +2 pair of boots.
   813 | D:2      | 813 ||| UPGRADING to +0 ring mail.
   823 | D:2      | 823 ||| DROPPING +0 leather armour.
   824 | D:2      | 824 ||| DROPPING ring of magical power.
   825 | D:2      | 825 ||| READING 2 scrolls of identify.
   825 | D:2      | 825 ||| IDENTIFYING fuming dark potion
   890 | D:3      | Reached skill level 1 in Armour
  1188 | D:3      | Reached XP level 4. HP: 27/27 MP: 4/4
  1193 | D:3      | Noticed a phantom
  1205 | D:3      | Killed a phantom
  1206 | D:3      | Reached XP level 5. HP: 24/34 MP: 5/5
  1525 | D:3      | 1525 ||| READING 4 scrolls of identify.
  1525 | D:3      | 1525 ||| IDENTIFYING murky yellow potion
  1526 | D:3      | 1526 ||| READING 3 scrolls of identify.
  1526 | D:3      | 1526 ||| IDENTIFYING viscous white potion
  1527 | D:3      | 1527 ||| READING 2 scrolls of identify.
  1527 | D:3      | 1527 ||| IDENTIFYING sapphire potion
  1528 | D:3      | 1528 ||| DROPPING potion of invisibility.
  1529 | D:3      | 1529 ||| DROPPING potion of magic.
  1530 | D:3      | 1530 ||| DROPPING potion of brilliance.
  1679 | D:4      | Noticed Eustachio
  1700 | D:4      | Killed Eustachio
  1701 | D:4      | Reached skill level 6 in Ranged Weapons
  1701 | D:4      | Reached XP level 6. HP: 39/39 MP: 6/6
  2221 | D:4      | Noticed Sigmund
  2237 | D:4      | Killed Sigmund
  2238 | D:4      | Reached XP level 7. HP: 27/44 MP: 7/7
  2307 | D:4      | Found Pytedeng's Book Boutique.
  2387 | D:4      | Upgraded the game from 0.31-a0-705-ga145531891 to
                  | 0.31-a0-818-ge7c7cf74f0
  2387 | D:4      | 2387 ||| PLANNING D:1-11
  2387 | D:4      | 2387 ||| PLANNING D:1-11
  2398 | D:4      | Found a shimmering blue altar of Sif Muna.
  2799 | D:4      | 2799 ||| UPGRADING to +1 robe of fire resistance.
  2809 | D:4      | 2809 ||| READING scroll labelled CEOGAOTEOSK.
  2810 | D:4      | 2810 ||| READING 4 scrolls of identify.
  2810 | D:4      | 2810 ||| IDENTIFYING brown potion
  2811 | D:4      | 2811 ||| READING 3 scrolls of identify.
  2811 | D:4      | 2811 ||| IDENTIFYING dark potion
  2812 | D:4      | 2812 ||| DROPPING potion of lignification.
  2842 | D:5      | Entered Level 5 of the Dungeon
  3018 | D:5      | Found a staircase to the Ecumenical Temple.
  3019 | D:5      | 3019 ||| PLANNING TEMPLE
  3019 | D:5      | 3019 ||| UPGRADING to +0 pair of gloves.
  3024 | D:5      | 3024 ||| READING scroll labelled MUTECE TYRYRGHU.
  3025 | D:5      | 3025 ||| READING scroll labelled PUHETAZ OSHOUQ.
  3026 | D:5      | 3026 ||| READING 2 scrolls labelled COETWU QYTSIK.
  3027 | D:5      | 3027 ||| READING scroll of enchant armour.
  3027 | D:5      | 3027 ||| ENCHANTING +0 pair of gloves.
  3054 | Temple   | Entered the Ecumenical Temple
  3055 | Temple   | 3055 ||| PLANNING OKAWARU WORSHIP
  3076 | Temple   | Became a worshipper of Warmaster Okawaru
  3077 | Temple   | 3077 ||| PLANNING D:1-11
  3135 | D:5      | Reached XP level 8. HP: 49/49 MP: 8/8
  3643 | D:5      | Reached skill level 9 in Ranged Weapons
  3725 | D:5      | Reached * piety under Okawaru
  3726 | D:5      | Reached skill level 6 in Fighting
  3809 | D:5      | 3809 ||| DRINKING 3 cyan potions.
  3884 | D:6      | Noticed a wraith
  3898 | D:6      | 3898 ||| INVOKING Heroism.
  3911 | D:6      | Killed a wraith
  4023 | D:6      | 4023 ||| INVOKING Heroism.
  4037 | D:6      | 4037 ||| FLEEEEING.
  4038 | D:6      | 4038 ||| FLEEEEING.
  4040 | D:6      | 4040 ||| FLEEEEING.
  4041 | D:6      | 4041 ||| FLEEEEING.
  4042 | D:6      | 4042 ||| FLEEEEING.
  4043 | D:6      | 4043 ||| FLEEEEING.
  4044 | D:6      | 4044 ||| FLEEEEING.
  4045 | D:6      | 4045 ||| FLEEEEING.
  4046 | D:6      | 4046 ||| FLEEEEING.
  4047 | D:6      | 4047 ||| FLEEEEING.
  4048 | D:6      | 4048 ||| FLEEEEING.
  4049 | D:6      | 4049 ||| FLEEEEING.
  4110 | D:6      | Reached skill level 1 in Invocations
  4178 | D:6      | 4178 ||| DRINKING 4 potions of curing.
  4178 | D:6      | 4178 ||| (to cure confusion)
  4241 | D:6      | 4241 ||| INVOKING Heroism.
  4245 | D:6      | Reached XP level 9. HP: 55/55 MP: 7/10
  4416 | D:6      | 4416 ||| RETREEAATING.
  4435 | D:6      | 4435 ||| INVOKING Heroism.
  4657 | D:6      | Reached skill level 3 in Dodging
  4657 | D:6      | Reached skill level 3 in Invocations
  4940 | D:6      | 4940 ||| READING 2 scrolls labelled OSUYFY HO HIRA.
  4941 | D:6      | 4941 ||| READING scroll labelled NAUNIEDGHIKK.
  4942 | D:6      | 4942 ||| READING 5 scrolls of identify.
  4942 | D:6      | 4942 ||| IDENTIFYING white potion
  4943 | D:6      | 4943 ||| DROPPING potion of attraction.
  4944 | D:6      | 4944 ||| DROPPING scroll of fear.
  4997 | D:7      | 4997 ||| PLANNING OSSUARY
  5003 | D:7      | 5003 ||| INVOKING Heroism.
  5074 | D:7      | Found a sand-covered staircase.
  5088 | Ossuary  | Entered an ossuary
  5287 | Ossuary  | 5287 ||| READING scroll of enchant armour.
  5287 | Ossuary  | 5287 ||| ENCHANTING +1 pair of gloves.
  5297 | Ossuary  | 5297 ||| READING 5 scrolls of identify.
  5297 | Ossuary  | 5297 ||| IDENTIFYING puce potion
  5298 | Ossuary  | 5298 ||| READING 4 scrolls of identify.
  5298 | Ossuary  | 5298 ||| IDENTIFYING smoky sapphire potion
  5299 | Ossuary  | 5299 ||| DRINKING potion of experience.
  5299 | Ossuary  | Reached skill level 9 in Invocations
  5299 | Ossuary  | Reached XP level 10. HP: 69/69 MP: 11/17
  5339 | Ossuary  | 5339 ||| READING 3 scrolls of identify.
  5339 | Ossuary  | 5339 ||| IDENTIFYING black potion
  5340 | Ossuary  | 5340 ||| DROPPING potion of ambrosia.
  5361 | D:7      | 5361 ||| PLANNING D:1-11
  5430 | D:7      | 5430 ||| INVOKING Heroism.
  5573 | D:7      | 5573 ||| RETREEAATING.
  5577 | D:7      | 5577 ||| STILL RETREEAATING.
  5578 | D:7      | 5578 ||| STILL RETREEAATING.
  5593 | D:7      | 5593 ||| INVOKING Heroism.
  5601 | D:7      | HP: 15/69 [yak (10)]
  5602 | D:7      | 5602 ||| DRINKING 6 potions of heal wounds.
  5610 | D:7      | 5610 ||| INVOKING Heroism.
  5617 | D:7      | HP: 17/69 [yak (5)]
  5618 | D:7      | 5618 ||| DRINKING 5 potions of heal wounds.
  5626 | D:7      | Reached ** piety under Okawaru
  6103 | D:7      | 6103 ||| FLEEEEING.
  6104 | D:7      | 6104 ||| FLEEEEING.
  6105 | D:7      | 6105 ||| FLEEEEING.
  6106 | D:7      | 6106 ||| FLEEEEING.
  6107 | D:7      | 6107 ||| FLEEEEING.
  6108 | D:7      | 6108 ||| FLEEEEING.
  6109 | D:7      | 6109 ||| FLEEEEING.
  6110 | D:7      | 6110 ||| FLEEEEING.
  6111 | D:7      | 6111 ||| FLEEEEING.
  6112 | D:7      | 6112 ||| FLEEEEING.
  6113 | D:7      | 6113 ||| FLEEEEING.
  6124 | D:7      | 6124 ||| FLEEEEING.
  6125 | D:7      | 6125 ||| FLEEEEING.
  6126 | D:7      | 6126 ||| FLEEEEING.
  6127 | D:7      | 6127 ||| FLEEEEING.
  6128 | D:7      | 6128 ||| FLEEEEING.
  6129 | D:7      | 6129 ||| INVOKING Heroism.
  6136 | D:7      | 6136 ||| STAIRDANCE
  6214 | D:6      | 6214 ||| READING scroll labelled HAYHECS KIWK.
  6215 | D:6      | 6215 ||| READING scroll labelled MATIARH LAUWKE.
  6506 | D:7      | 6506 ||| INVOKING Heroism.
  6689 | D:8      | Found a hide-covered altar of Uskayaw.
  6689 | D:8      | Found a glowing silver altar of Zin.
  6704 | D:8      | Found a shimmering altar of Xom.
  6705 | D:8      | Found a snail-covered altar of Cheibriados.
  6705 | D:8      | Found a sparkling altar of Nemelex Xobeh.
  6728 | D:8      | 6728 ||| RETREEAATING.
  6744 | D:8      | 6744 ||| INVOKING Heroism.
  6762 | D:8      | HP: 5/69 [polar bear (19)]
  6763 | D:8      | 6763 ||| DRINKING 4 potions of heal wounds.
  6765 | D:8      | 6765 ||| DRINKING 3 potions of heal wounds.
  6766 | D:8      | Slain by a polar bear

Levels and vault maps discovered:
D:1:      saegor_arrival_simple_c, layout_rooms, serial_shops, shop
D:2:      layout_rooms
D:3:      layout_basic
D:4:      layout_basic, marbit_many_paths, serial_shops, shop, uniq_eustachio,
          uniq_sigmund
D:5:      layout_basic, temple_pool_b, chequers_serial_rivers_small_a,
          hex_intersection
D:6:      layout_basic, dk_rats_in_the_wall
D:7:      layout_layer_cave, enter_ossuary_3, fountainhead, grunt_tough_drop
D:8:      layout_basic, grunt_temple_overflow_open, hellmonk_lair_entry_icy
Temple:   eino_wide_crystal_templ

Skill      XL: |  1  2  3  4  5  6  7  8  9 10 |
---------------+-------------------------------+-----
Ranged Weapons | 5 6 7 8 10 11 | 11.4
Armour         | 1 |  1.0
Fighting       | 4 5 6 11 | 11.1
Dodging        | 2 3 |  3.0
Invocations    | 1 9 |  9.8
Stealth        | |  1.1

Action                     |  1- 3 |  4- 6 |  7- 9 | 10-12 || total
---------------------------+-------+-------+-------+-------++-------
   Fire: Shortbow          |   119 |   125 |   332 |   239 ||   815
 Invoke: Heroism           |       |       |     5 |     6 ||    11
    Use: Scroll            |     6 |     3 |    13 |     3 ||    25
         Potion            |       |       |     3 |     4 ||     7
 Armour: Leather armour    |    16 |       |       |       ||    16
         Ring mail         |    15 |    34 |     7 |       ||    56
         Robe              |       |       |    74 |   119 ||   193
  Dodge: Dodged            |    21 |    32 |    69 |    82 ||   204

Table legend:
 A = Non-vault XP
 B = Vault XP
 C = Vault XP percentage of total XP
 D = Non-vault monster count
 E = Vault monster count
 F = Vault count percentage of total count
                 A         B        C        D         E       F
            +---------+---------+-------+---------+---------+-------
      Total |    4686 |    1173 |  20.0 |     158 |      28 |  15.1
            +---------+---------+-------+---------+---------+-------
        D:1 |      31 |       0 |   0.0 |      17 |       0 |   0.0
        D:2 |      20 |       0 |   0.0 |      12 |       0 |   0.0
        D:3 |     182 |       0 |   0.0 |      23 |       0 |   0.0
        D:4 |     282 |     430 |  60.4 |      17 |       3 |  15.0
        D:5 |     839 |       0 |   0.0 |      18 |       0 |   0.0
        D:6 |     976 |       0 |   0.0 |      21 |       0 |   0.0
        D:7 |    2271 |     216 |   8.7 |      49 |       6 |  10.9
        D:8 |      85 |     372 |  81.4 |       1 |       3 |  75.0
    Ossuary |       0 |     155 | 100.0 |       0 |      16 | 100.0
            +---------+---------+-------+---------+---------+-------
